 Dungeon Crawl Stone Soup version 0.25-a0-474-ga8a2ee3166 (webtiles) character file.

Game seed: 7208514706395630567, levelgen mode: deterministic

13700 kae the Swashbuckler (level 11, -1/47 HPs)
             Began as a Spriggan Enchanter on Feb 7, 2020.
             Was an Elder of Dithmenos.
             Slain by a death yak simulacrum (29 damage)
             ... in an ice cave.
             The game lasted 00:24:14 (14342 turns).

kae the Swashbuckler (Spriggan Enchanter)          Turns: 14342, Time: 00:24:15

Health: -1/47      AC: 18    Str:  6    XL:     11   Next: 79%
Magic:  9/19       EV: 25    Int: 16    God:    Dithmenos [****..]
Gold:   671        SH:  0    Dex: 19    Spells: 14/20 levels left

rFire    . . .     SeeInvis +   a - +5 short sword (vamp)
rCold    . . .     Gourm    .   (shield restricted)
rNeg     . . .     Faith    .   i - +4 troll leather armour {Snorg}
rPois    +         Spirit   .   o - +2 hat
rElec    .         Reflect  .   G - +2 cloak
rCorr    .         Harm     .   (gloves unavailable)
MR       +....                  (boots unavailable)
Stlth    ++++++++..             (no amulet)
HPRegen  0.55/turn              k - ring of poison resistance
MPRegen  0.16/turn              A - +5 ring of protection

@: confusing touch, wreathed by umbra, very quick
A: very small, unfitting armour, see invisible, herbivore, speed 3, slow
metabolism 2
a: Shadow Step, Renounce Religion


You were in an ice cave.
You worshipped Dithmenos.
Dithmenos was greatly pleased with you.
You were hungry.

You visited 3 branches of the dungeon, and saw 13 of its levels.
You also visited: Sewer and Ice Cave.

You collected 847 gold pieces.
You spent 176 gold pieces at shops.

Inventory:

Hand Weapons
 a - a +5 vampiric short sword (weapon)
 b - a +1 dagger of venom
 F - a +2 scimitar of flaming
Armour
 i - a +4 troll leather armour (worn) {Snorg}
 o - a +2 hat (worn)
 G - a +2 cloak (worn)
 K - the +1 robe "Tonguta" {MR- Str+4 Stlth+}
   (You bought it in a shop on level 10 of the Dungeon)

   It affects your strength (+4).
   It affects your resistance to hostile enchantments.
   It makes you more stealthy.
   If you switch to wearing this armour, your AC will fall 5 points (18 -> 13)
Jewellery
 k - a ring of poison resistance (left hand)
 l - a +4 ring of intelligence
 u - an uncursed ring of positive energy
 A - a +5 ring of protection (right hand)
 I - an uncursed amulet of harm
 M - an uncursed ring of protection from magic
Wands
 j - a wand of random effects (25)
 t - a wand of disintegration (43)
 C - a wand of iceblast (5)
 E - a wand of digging (3)
 L - a wand of acid (8)
 O - a wand of enslavement (7)
Scrolls
 g - 6 scrolls of amnesia
 m - a scroll of enchant armour
 n - 5 scrolls of teleportation
 p - 2 scrolls of blinking
 y - 2 scrolls of remove curse
 J - a scroll of fog
 N - a scroll of identify
Potions
 c - 3 potions of heal wounds
 h - 2 potions of lignification
 q - 2 potions of flight
 r - 3 potions of curing
 s - 3 potions of mutation
 w - a potion of ambrosia
 x - 3 potions of brilliance
 z - a potion of agility
 D - 2 potions of berserk rage
 H - a potion of resistance
Comestibles
 d - 20 rations


   Skills:
 + Level 15.6 Short Blades
 - Level 10.0 Dodging
 - Level 12.1 Stealth
 - Level 5.0 Spellcasting
 - Level 7.0 Hexes


You had 14 spell levels left.
You knew the following spells:

 Your Spells              Type           Power        Failure   Level  Hunger
a - Corona                Hex            ####...      1%          1    None
b - Ensorcelled Hibernat  Hex/Ice        ###...       9%          2    #......
c - Confusing Touch       Hex            ####....     4%          3    ###....

Your spell library contained the following spells:

 Spells                   Type           Power        Failure   Level  Hunger
 Slow                     Hex            ####....     1%          2    #......
 Tukima's Dance           Hex            ####....     4%          3    ###....
 Dazzling Flash           Conj/Hex       ###...       17%         3    ###....
 Magic Dart               Conj           #...         24%         1    None
 Shock                    Conj/Air       #...         24%         1    None
 Blink                    Tloc           N/A          34%         2    #......
 Call Imp                 Summ           #.......     34%         2    #......
 Swiftness                Chrm/Air       #.......     34%         2    #......
 Conjure Flame            Conj/Fire      #.......     56%         3    ###....
 Mephitic Cloud           Conj/Pois/Air  #.......     56%         3    ###....
 Static Discharge         Conj/Air       #.......     56%         3    ###....
 Airstrike                Air            #.........   93%         4    ####...
 Lightning Bolt           Conj/Air       #.........   100%        5    ######.


Dungeon Overview and Level Annotations

Branches:
Dungeon (11/15)            Temple (1/1) D:6            Lair (1/6) D:11
    Orc (0/2) D:10          Sewer (visited)           IceCv (1/1)

Altars:
Ashenzari
Cheibriados
Dithmenos
Elyvilon
Fedhas
Gozag
Hepliaklqana
Kikubaaqudgha
Makhleb
Nemelex Xobeh
Okawaru
Qazlal
Ru
Sif Muna
Trog
Uskayaw
Vehumet
Wu Jian
Xom
Yredelemnul
Zin
The Shining One

Shops:
D:5 [   D:10 [

Annotations:
D:6 exclusion: electric eel
D:9 exclusion: 2 wights


Innate Abilities, Weirdness & Mutations

You are very small and have problems with some larger weapons.
You are too small for most types of armour.
You have supernaturally acute eyesight. (SInv)
You are a herbivore.
You cover ground extremely quickly.
You need to consume almost no food.


Message History

Your shadow hits the death yak simulacrum with a short sword.
You hit the death yak simulacrum.
The death yak simulacrum is heavily damaged.
The death yak simulacrum gores you. The death yak simulacrum freezes you!!!
Ouch! That really hurt!
* * * LOW HITPOINT WARNING * * *
You emit a cloud of dark smoke.
You hit the death yak simulacrum.
The death yak simulacrum is heavily damaged.
Your shadow completely misses the death yak simulacrum.
You feel much better.
You hit the death yak simulacrum.
The death yak simulacrum is severely damaged.
The death yak simulacrum completely misses you.
Casting: Confusing Touch (safe; 4% risk of failure)
Confirm with . or Enter, or press ? or * to list all spells.
Your hands begin to glow red.
The death yak simulacrum gores you! The death yak simulacrum freezes you!!
Ouch! That really hurt!
You die...

#### ##§§## #
###§§§§##
....##.§§§.Z@#
#.....§§§.§.#
##.....§§§..#
##..##§.§.##
### ##..##
####


You could see a death yak simulacrum.

Vanquished Creatures
  Snorg (D:11)
  A hydra (D:10)
  Erica (D:8)
  Maurice (D:8)
  A gargoyle (D:10)
  A spiny frog (Lair:1)
  3 trolls
  Grinder (D:5)
  A wolf spider simulacrum (IceCv)
  2 hippogriffs
  Sigmund (D:4)
  A wyvern (D:11)
  2 hungry ghosts (D:8)
  4 vampire mosquitoes (D:11)
  A soldier ant (D:11)
  Edmund (D:4)
  2 porcupines (D:11)
  Duvessa (D:6)
  A water moccasin (Lair:1)
  10 orc warriors
  11 ice beasts
  2 black bears (D:11)
  A phantom (D:4)
  4 sky beasts
  4 ogres
  7 centaurs
  2 crocodiles
  5 big kobolds
  8 bullfrogs
  2 gnoll sergeants (D:10)
  A water moccasin zombie (D:7)
  5 scorpions
  Dowan (D:6)
  A swamp dragon simulacrum (IceCv)
  4 jellies
  7 howler monkeys
  2 bullfrog zombies (D:7)
  3 crimson imps
  A centaur zombie (D:7)
  A quasit (D:11)
  7 hounds
  17 orc priests
  A centaur skeleton (D:4)
  17 orc wizards
  Terence (D:2)
  5 iguanas
  9 worker ants
  A wolf simulacrum (IceCv)
  A killer bee zombie (D:9)
  A hound zombie (D:9)
  2 hound skeletons
  A worker ant zombie (D:5)
  4 gnolls (D:10)
  12 adders
  A river rat (Sewer)
  2 adder skeletons (D:5)
  2 adder zombies
  3 dart slugs (D:1)
  2 worms
  4 leopard geckos
  66 orcs
  12 giant cockroaches
  9 goblins
  7 hobgoblins
  13 jackals
  A quokka (D:2)
  3 ball pythons
  5 bats
  4 frilled lizards
  14 kobolds
  8 rats
  3 fungi (D:4)
347 creatures vanquished.

Vanquished Creatures (others)
  37 fungi (D:11)
  9 plants (D:11)
  3 toadstools (D:4)
49 creatures vanquished.

Grand Total: 396 creatures vanquished

Notes
Turn   | Place    | Note
-------+----------+-------------------------------------------
     0 | D:1      | kae the Spriggan Enchanter began the quest for the Orb.
     0 | D:1      | Reached XP level 1. HP: 9/9 MP: 5/5
   270 | D:1      | Reached XP level 2. HP: 13/13 MP: 4/6
   516 | D:1      | Reached skill level 2 in Short Blades
   705 | D:1      | Learned a level 2 spell: Ensorcelled Hibernation
  1206 | D:1      | Reached XP level 3. HP: 13/16 MP: 8/8
  1335 | D:2      | Reached skill level 5 in Stealth
  1374 | D:2      | Noticed Terence
  2324 | D:2      | Killed Terence
  2324 | D:2      | Reached XP level 4. HP: 8/21 MP: 6/9
  3146 | D:3      | Reached skill level 3 in Short Blades
  3373 | D:2      | Learned a level 3 spell: Confusing Touch
  3527 | D:3      | Reached XP level 5. HP: 24/24 MP: 7/10
  4344 | D:3      | Found a shimmering altar of Xom.
  4344 | D:3      | Found a shimmering altar of Xom.
  4344 | D:3      | Found a shimmering altar of Xom.
  4344 | D:3      | Found a shimmering altar of Xom.
  4345 | D:3      | Found a shimmering altar of Xom.
  4493 | D:4      | Noticed Edmund
  4507 | D:4      | Killed Edmund
  4507 | D:4      | Reached skill level 4 in Short Blades
  4507 | D:4      | Reached skill level 5 in Dodging
  4507 | D:4      | Reached XP level 6. HP: 25/28 MP: 11/11
  4560 | D:4      | Reached skill level 5 in Hexes
  4715 | D:4      | Found a glowing drain.
  4790 | D:4      | Reached skill level 5 in Short Blades
  4790 | D:4      | Reached XP level 7. HP: 23/32 MP: 0/12
  4859 | Sewer    | Entered a sewer
  5139 | Sewer    | Found a white marble altar of Elyvilon.
  5305 | D:4      | Reached skill level 6 in Short Blades
  5750 | D:4      | Noticed Sigmund
  5760 | D:4      | Reached XP level 8. HP: 36/36 MP: 6/13
  6106 | D:4      | Killed Sigmund
  6106 | D:4      | Reached skill level 7 in Short Blades
  6286 | D:4      | Found a burning altar of Makhleb.
  6369 | D:5      | Entered Level 5 of the Dungeon
  6376 | D:5      | Noticed Grinder
  6522 | D:5      | Found Moulood's Antique Armour Shoppe.
  6566 | D:5      | Found a stormy altar of Qazlal.
  6566 | D:5      | Found a bloodstained altar of Trog.
  6609 | D:5      | Reached skill level 8 in Short Blades
  6924 | D:5      | Killed Grinder
  6924 | D:5      | Reached skill level 9 in Short Blades
  7185 | D:5      | Reached XP level 9. HP: 39/39 MP: 9/14
  7448 | D:5      | Reached skill level 10 in Short Blades
  7648 | D:6      | Found a staircase to the Ecumenical Temple.
  8013 | Temple   | Entered the Ecumenical Temple
  8053 | Temple   | Became a worshipper of Dithmenos the Shadowed
  8285 | D:6      | Noticed Duvessa
  8285 | D:6      | Noticed Dowan
  8287 | D:6      | Killed Dowan
  8336 | D:6      | Killed Duvessa
  8545 | D:6      | Reached skill level 5 in Spellcasting
  8767 | D:6      | Found a glowing silver altar of Zin.
  9325 | D:7      | Reached skill level 10 in Stealth
  9602 | D:7      | Reached * piety under Dithmenos
  9602 | D:7      | Reached skill level 10 in Dodging
  9855 | D:8      | Reached XP level 10. HP: 31/44 MP: 11/18
  9973 | D:8      | Noticed Maurice
 10227 | D:8      | Noticed Erica
 10232 | D:8      | Killed Erica
 10694 | D:8      | Killed Maurice
 10694 | D:8      | Reached skill level 11 in Short Blades
 10758 | D:9      | Reached ** piety under Dithmenos
 11042 | D:9      | Reached skill level 12 in Short Blades
 11208 | D:9      | Found a hide-covered altar of Uskayaw.
 11235 | D:9      | Noticed a +0 dagger
 11235 | D:9      | Noticed a +0 hand axe
 11554 | D:10     | Entered Level 10 of the Dungeon
 11589 | D:10     | Reached *** piety under Dithmenos
 11764 | D:10     | Found Hyargh's Antique Armour Shop.
 11767 | D:10     | Bought a crude robe for 176 gold pieces
 11777 | D:10     | Identified the +1 robe "Tonguta" {MR- Str+4 Stlth+} (You
                  | bought it in a shop on level 10 of the Dungeon)
 11857 | D:10     | Noticed a gargoyle
 12258 | D:10     | Noticed an eight-headed hydra
 12270 | D:10     | Found a staircase to the Orcish Mines.
 12309 | D:10     | Reached skill level 13 in Short Blades
 12309 | D:10     | Reached XP level 11. HP: 38/47 MP: 19/19
 12652 | D:10     | Killed an eight-headed hydra
 12737 | D:11     | Found a staircase to the Lair.
 13044 | D:11     | Reached skill level 14 in Short Blades
 13354 | D:11     | Reached **** piety under Dithmenos
 13586 | D:11     | Noticed Snorg
 13653 | D:11     | Killed Snorg
 13665 | D:11     | Reached skill level 15 in Short Blades
 14098 | Lair:1   | Entered Level 1 of the Lair of Beasts
 14118 | Lair:1   | Found a frozen archway.
 14298 | IceCv    | Entered an ice cave
 14342 | IceCv    | Slain by a death yak simulacrum

Levels and vault maps discovered:
D:1:      dpeg_arrival_circle_labyrinth_a, layout_basic
D:2:      layout_rooms, grunt_ministairs_3, minmay_misc_feat_cross, uniq_terence
D:3:      minmay_roachtagon, layout_basic, xom_redecorated
D:4:      minmay_clustersquares, layout_basic, gup_sewer_entry_glass,
          minmay_gold_behind_fungi, chequers_mini_garden,
          makhleb_blood_cavern_becter, uniq_sigmund, uniq_edmund
D:5:      layout_gridville, grunt_temple_overflow_open, first_ration,
          serial_shops, shop, uniq_grinder
D:6:      layout_basic, zin_treasury, minmay_temple_entry_statues,
          serial_bayou_ford_a, uniq_duvessa
D:7:      layout_basic
D:8:      layout_loops_ring, special_room [special_room_orc], uniq_erica,
          uniq_maurice
D:9:      layout_roguey, dancing_weapons_uskayaw
D:10:     layout_irregular_city, kennysheep_orc_monster_closet_entryway,
          serial_shops, nicolae_shop_behind_doors
D:11:     layout_roguey, due_lair_maze_entry_diamond, uniq_snorg
Temple:   compressed_dpeg_circular_temple
Lair:1:   layout_loops_ring, portal_ice_cave_entry_ice_beasts,
          beast_lair_carwin_9
IceCv:    ice_cave_small_necro

Skill      XL: |  1  2  3  4  5  6  7  8  9 10 11 |
---------------+----------------------------------+-----
Spellcasting   | 3 5 |  5.0
Short Blades   | 2 3 4 5 6 9 10 13 15 | 15.6
Stealth        | 5 6 7 11 12 | 12.1
Hexes          | 4 5 6 7 |  7.0
Dodging        | 4 5 6 7 10 | 10.0

Action                   |  1- 3 |  4- 6 |  7- 9 | 10-12 || total
-------------------------+-------+-------+-------+-------++-------
Melee: Dagger            |   157 |   229 |   472 |   441 ||  1299
       Short sword       |       |       |       |    96 ||    96
 Cast: Corona            |    17 |     4 |       |       ||    21
       Ensorcelled Hiber |    17 |    27 |    91 |    81 ||   216
       Confusing Touch   |       |       |    11 |    20 ||    31
  Use: Scroll            |     5 |     4 |     9 |    10 ||    28
       Potion            |     1 |     2 |       |     4 ||     7
 Stab: Sleeping          |    11 |    23 |    57 |    59 ||   150
       Confused          |       |       |    15 |    20 ||    35
       Invisible         |       |       |       |    21 ||    21
       Distracted        |       |       |       |     1 ||     1
  Eat: Ration            |       |     2 |     5 |     5 ||    12
Armor: Robe              |    12 |    18 |    25 |    38 ||    93
       Skin              |       |     7 |       |       ||     7
       Troll leather arm |       |       |       |    17 ||    17
Dodge: Dodged            |   174 |   115 |   310 |   422 ||  1021

Table legend:
 A = Non-vault XP
 B = Vault XP
 C = Vault XP percentage of total XP
 D = Non-vault monster count
 E = Vault monster count
 F = Vault count percentage of total count
                 A         B        C        D         E       F
            +---------+---------+-------+---------+---------+-------
      Total |   11410 |    8162 |  41.7 |     250 |      94 |  27.3
            +---------+---------+-------+---------+---------+-------
        D:1 |      46 |       0 |   0.0 |      25 |       0 |   0.0
        D:2 |      35 |      39 |  52.7 |      13 |       3 |  18.8
        D:3 |     259 |      14 |   5.1 |      32 |       7 |  17.9
        D:4 |     770 |     690 |  47.3 |      27 |      15 |  35.7
        D:5 |     868 |     300 |  25.7 |      26 |       1 |   3.7
        D:6 |     296 |     216 |  42.2 |       9 |       2 |  18.2
        D:7 |    1631 |       0 |   0.0 |      26 |       0 |   0.0
        D:8 |     900 |    1847 |  67.2 |      13 |      17 |  56.7
        D:9 |    1718 |       0 |   0.0 |      36 |       0 |   0.0
       D:10 |    1841 |    1553 |  45.8 |      10 |      20 |  66.7
       D:11 |    2461 |    1954 |  44.3 |      30 |       8 |  21.1
     Lair:1 |     585 |    1043 |  64.1 |       3 |       8 |  72.7
      Sewer |       0 |     123 | 100.0 |       0 |      10 | 100.0
      IceCv |       0 |     383 | 100.0 |       0 |       3 | 100.0
            +---------+---------+-------+---------+---------+-------
